 Dungeon Crawl Stone Soup version 0.29.0-15-g675c0067aa (webtiles) character file.

Game seed: 17425010434910062948

10470 greasedhog the Covert (level 11, -5/64 HPs)
             Began as a Gargoyle Wanderer on Sept 12, 2022.
             Was a Priest of Dithmenos.
             Slain by a two-headed ogre
             ... wielding a +0 giant club
              (29 damage)
             ... on level 11 of the Dungeon.
             The game lasted 00:22:44 (11900 turns).

greasedhog the Covert (Gargoyle Wanderer)          Turns: 11900, Time: 00:22:45

Health: -5/64      AC: 16    Str: 20    XL:     11   Next: 62%
Magic:  15/15      EV: 13    Int: 11    God:    Dithmenos [***...]
Gold:   702        SH:  4    Dex: 17    Spells: 9/15 levels left

rFire   + . .      SeeInvis .   a - +2 dagger (venom)
rCold   . . .      Faith    .   E - +0 buckler
rNeg    + . .      Spirit   .   x - +0 troll leather armour {Pargi}
rPois   ∞          Reflect  .   l - +0 helmet
rElec   +          Harm     .   c - +0 cloak
rCorr   .          Rampage  .   I - +0 pair of gloves
Will    .....                   (no boots)
Stlth   +++++++...              (no amulet)
HPRegen 1.00/turn               h - +6 ring of strength
MPRegen 0.14/turn               k - ring of protection from fire

@: wreathed by umbra
A: sickness immunity, AC +8, negative energy resistance 1, electricity
resistance, torment resistance 1, petrification resistance
a: Renounce Religion, Shadow Step


You were on level 11 of the Dungeon.
You worshipped Dithmenos.
Dithmenos was most pleased with you.
You visited 2 branches of the dungeon, and saw 12 of its levels.
You also visited: Sewer.

You collected 702 gold pieces.

Inventory:

Hand Weapons
 a - a +2 dagger of venom (weapon)
 z - a +0 rapier
 H - a +0 scimitar of flaming
Missiles
 J - a throwing net
Armour
 c - a +0 cloak (worn)
 l - a +0 helmet (worn)
 x - a +0 troll leather armour (worn) {Pargi}
 E - a +0 buckler (worn)
 I - a +0 pair of gloves (worn)
Jewellery
 g - a ring of ice
 h - a +6 ring of strength (left hand)
 k - a ring of protection from fire (right hand)
 D - an amulet of guardian spirit
Wands
 n - a wand of roots (3)
 s - a wand of acid (2)
 t - a wand of flame (25)
 y - a wand of charming (9)
Scrolls
 d - 3 scrolls of butterflies
 m - 4 scrolls of enchant armour
 o - 3 scrolls of poison
 p - a scroll of enchant weapon
 q - 3 scrolls of vulnerability
 r - 3 scrolls of fear
 w - a scroll of blinking
 A - a scroll of teleportation
 B - 2 scrolls of magic mapping {unknown}
 N - a scroll of brand weapon {unknown}
 O - a scroll of summoning {unknown}
Potions
 b - a potion of heal wounds
 e - 6 potions of brilliance
 f - a potion of magic {unknown}
 i - 3 potions of flight
 j - 2 potions of resistance
 u - a potion of ambrosia {unknown}
 v - 2 potions of cancellation {unknown}
 C - a potion of lignification {unknown}
 F - a potion of haste
 G - a potion of mutation {unknown}
 K - 2 potions of degeneration {unknown}
 L - a potion of attraction {unknown}
 M - 2 potions of curing


   Skills:
 - Level 5.2 Fighting
 * Level 8.5 Short Blades
 - Level 1.0 Polearms
 - Level 1.0 Throwing
 - Level 5.0 Armour
 * Level 4.5 Dodging
 * Level 13.9 Stealth
 - Level 2.7 Spellcasting
 - Level 5.4 Hexes


You had 9 spell levels left.
You knew the following spells:

 Your Spells              Type           Power      Damage    Failure   Level
a - Ensorcelled Hibernat  Hex/Ice        14%        N/A       22%         2
b - Slow                  Hex            52%        N/A       4%          1
c - Confusing Touch       Hex            13%        N/A       14%         3

Your spell library contained the following spells:

 Spells                   Type           Power      Damage    Failure   Level
 Dazzling Flash           Conj/Hex       14%        N/A       38%         3
 Portal Projectile        Hex/Tloc       14%        N/A       38%         3
 Sting                    Tmut/Pois      4%         1d3       41%         1
 Poisonous Vapours        Pois/Air       2%         N/A       54%         2
 Wereblood                Tmut           1%         N/A       54%         2
 Call Canine Familiar     Summ           1%         N/A       78%         3
 Frozen Ramparts          Ice            2%         1d1       78%         3
 Gell's Gravitas          Tloc           1%         N/A       78%         3
 Spider Form              Tmut/Pois      1%         N/A       78%         3
 Teleport Other           Tloc           1%         N/A       78%         3
 Vampiric Draining        Necr           1%         2d6       78%         3
 Anguish                  Hex/Necr       3%         N/A       80%         4
 Leda's Liquefaction      Hex/Erth       3%         N/A       80%         4
 Ice Form                 Ice/Tmut       1%         N/A       99%         4
 Iskenderun's Mystic Bla  Conj/Tloc      1%         2d3       99%         4
 Olgreb's Toxic Radiance  Pois           1%         N/A       99%         4
 Summon Ice Beast         Ice/Summ       1%         N/A       99%         4
 Dispersal                Tloc           0%         N/A       100%        6
 Starburst                Conj/Fire      0%         6d3       100%        6
 Summon Hydra             Summ           0%         N/A       100%        7
 Disjunction              Tloc           0%         N/A       100%        8
 Sublimation of Blood     Necr           Unusable   N/A       N/A         2

Dungeon Overview and Level Annotations

Branches:
Dungeon (11/15)            Temple (1/1) D:6            Lair (0/5) D:11
    Orc (0/2) D:11          Sewer (visited)

Altars:
Ashenzari
Cheibriados
Dithmenos
Elyvilon
Fedhas
Gozag
Hepliaklqana
Kikubaaqudgha
Makhleb
Nemelex Xobeh
Okawaru
Qazlal
Ru
Sif Muna
Trog
Uskayaw
Vehumet
Wu Jian
Xom
Yredelemnul
Zin
The Shining One

Annotations:
D:9 3 runed translucent doors, Daunt's ghost, novice MiFi


Innate Abilities, Weirdness & Mutations

You are immune to sickness and miasma.
Your stone body is resilient. (AC +8)
You are immune to poison.
You resist negative energy. (rN+)
You are resistant to electric shocks. (rElec)
You are resistant to unholy torment.
You are immune to petrification.


Message History

You hear a splash.
No target in view!
No target in view!
No target in view!
There is a staircase to the Lair here.
You now have 702 gold pieces (gained 12).
Found a ring mail.
Found a stone staircase leading down.
You see here a +0 ring mail.
There is a stone staircase leading down here.
You enter the shallow water.
Moving in this stuff is going to be slow.
A manticore comes into view.
A manticore is nearby!
The helpless manticore fails to defend itself.
You perforate the manticore like a sieve!!!!
You kill the manticore!
Dithmenos accepts your kill.
You see here a manticore corpse.
A cyclops comes into view.
You see here a potion of curing.
The helpless cyclops fails to defend itself.
You stick the cyclops like a pincushion!!!!
You kill the cyclops!
Dithmenos accepts your kill.
M - 2 potions of curing (gained 1)
A two-headed ogre comes into view.
It is wielding a +0 giant club and a +0 giant spiked club.
A two-headed ogre is nearby!
A two-headed ogre is nearby!
Found 13 gold pieces.
The two-headed ogre shouts in stereo!
The two-headed ogre hits you with a +0 giant club!
The two-headed ogre hits you with a +0 giant spiked club!
You hit the two-headed ogre.
The two-headed ogre is poisoned.
The two-headed ogre is lightly wounded.
The two-headed ogre attacks as you move away!
The two-headed ogre hits you with a +0 giant club!
The two-headed ogre barely misses you.
The two-headed ogre attacks as you move away!
The two-headed ogre hits you with a +0 giant club!!
You die...

#<.......#
#.#...#.#.........
#.##.###.#
#.#.###.###.######
#.#....#.# #.#.......#.#
#.##.###.# #$#.....#.#.#
#.##.# #.# #.#.....#.#.#
#.##.# #.# #.#.#...# #.#
#.##.# #.# #.#.#.### #.#
#.##.# #.# #O#(....# #.#
#.##.# #.# #@#...#.#
#.##.# #.# #.#...#.#
#.##.# #.# #.#...#.#
#.##.# #.# ##.#...#.#
#.##.# #.# #....#.#.#
#)...# #.# #.............#
###### #.# #.###.#.#######
###### #.# # ...... #...>[
#.###################.####


You could see a two-headed ogre (very poisoned).

Vanquished Creatures
  Erica (D:9)
  A deep elf pyromancer (D:11)
  A manticore (D:11)
  A cyclops (D:11)
  An unseen horror (D:8)
  3 trolls
  Grinder (D:4)
  2 hornets
  Eustachio (D:4)
  2 wraiths
  5 yaks
  Edmund (D:6)
  2 acid dragons (D:10)
  Duvessa (D:7)
  Pargi (Sewer)
  8 orc warriors
  2 black bears
  A sky beast (D:7)
  A wolf (D:11)
  6 ogres
  4 centaurs
  5 kobold brigands
  6 bullfrogs
  2 necrophages
  5 scorpions
  Dowan (D:7)
  14 electric eels
  4 howler monkeys
  2 quasits (D:8)
  10 hounds
  7 orc priests
  3 jellies
  Crazy Yiuf (D:3)
  A gnoll bouda (D:10)
  An iron imp (D:10)
  5 iguanas
  6 orc wizards
  5 gnolls
  11 adders
  5 shadow imps (D:8)
  5 white imps
  9 ufetubi
  5 dart slugs
  41 orcs
  6 ball pythons
  7 bats
  7 endoplasms
  4 giant cockroaches
  5 goblins
  6 hobgoblins
  2 jackals (D:4)
  16 kobolds
  3 quokkas
  2 frilled lizards
  9 rats
267 creatures vanquished.

Vanquished Creatures (collateral kills)
  3 ogres (D:11)
  A gnoll sergeant (D:11)
  4 orcs (D:11)
8 creatures vanquished.

Vanquished Creatures (others)
  A troll (D:11)
  2 orc warriors (D:11)
  An adder (D:3)
  A dart slug (D:3)
  An orc (D:3)
  A giant cockroach (D:3)
  2 goblins (D:3)
  A quokka (D:3)
  A frilled lizard (D:3)
  A kobold (D:3)
  4 demonic plants (D:8)
  34 plants
50 creatures vanquished.

Grand Total: 325 creatures vanquished

Notes
Turn   | Place    | Note
-------+----------+-------------------------------------------
     0 | D:1      | greasedhog the Gargoyle Wanderer began the quest for the
                  | Orb.
     0 | D:1      | greasedhog set off with the following items: a +2 dagger, a
                  | potion of heal wounds, a +0 spear, a scroll of butterflies,
                  | a potion of brilliance, a +0 leather armour.
     0 | D:1      | Reached XP level 1. HP: 12/12 MP: 1/1
    80 | D:1      | Reached XP level 2. HP: 16/16 MP: 2/2
    89 | D:1      | Found a faded altar of an unknown god.
   160 | D:1      | Reached skill level 1 in Short Blades
   569 | D:2      | Reached skill level 6 in Stealth
   569 | D:2      | Reached XP level 3. HP: 20/20 MP: 3/3
   651 | D:2      | Found a snail-covered altar of Cheibriados.
  1381 | D:3      | Reached XP level 4. HP: 20/25 MP: 4/4
  1823 | D:3      | Learned a level 2 spell: Ensorcelled Hibernation
  1825 | D:3      | Learned a level 1 spell: Slow
  2121 | D:3      | Reached XP level 5. HP: 29/29 MP: 5/5
  2168 | D:3      | Reached skill level 7 in Stealth
  2263 | D:3      | Found a shimmering altar of Xom.
  2450 | D:3      | Found a radiant altar of Vehumet.
  2734 | D:3      | Found a runed translucent door.
  2735 | D:3      | Noticed Crazy Yiuf
  3051 | D:3      | Killed Crazy Yiuf
  3052 | D:3      | Reached XP level 6. HP: 34/34 MP: 6/6
  3148 | D:4      | Noticed Grinder
  3151 | D:4      | Paralysed by Grinder for 2 turns
  3356 | D:4      | Killed Grinder
  3357 | D:4      | Reached skill level 8 in Stealth
  3357 | D:4      | Reached XP level 7. HP: 21/38 MP: 7/7
  3709 | D:4      | Learned a level 3 spell: Confusing Touch
  3812 | D:4      | Noticed Eustachio
  3814 | D:4      | Killed Eustachio
  3815 | D:4      | Reached skill level 1 in Hexes
  3954 | D:4      | Found a stormy altar of Qazlal.
  4079 | D:5      | Entered Level 5 of the Dungeon
  4144 | D:5      | Reached skill level 5 in Short Blades
  4340 | D:5      | Reached skill level 9 in Stealth
  4340 | D:5      | Reached XP level 8. HP: 34/43 MP: 8/8
  4788 | D:5      | Noticed a hornet
  4906 | D:5      | Killed a hornet
  5785 | D:5      | Reached skill level 10 in Stealth
  5876 | D:6      | Reached XP level 9. HP: 52/52 MP: 9/9
  6184 | D:6      | Found a glowing drain.
  6214 | Sewer    | Entered a sewer
  6264 | Sewer    | Noticed Pargi
  6266 | Sewer    | Killed Pargi
  6267 | Sewer    | Reached skill level 5 in Fighting
  6470 | D:6      | Noticed Edmund
  6476 | D:6      | Killed Edmund
  6502 | D:6      | Found a glowing golden altar of the Shining One.
  6520 | D:6      | Reached skill level 5 in Hexes
  6560 | D:6      | Found a staircase to the Ecumenical Temple.
  6578 | Temple   | Entered the Ecumenical Temple
  6772 | Temple   | Became a worshipper of Dithmenos the Shadowed
  6920 | D:6      | Reached skill level 11 in Stealth
  7048 | D:6      | Found a basalt altar of Yredelemnul.
  7051 | D:6      | Noticed a profane servitor
  7057 | D:6      | Noticed an angel
  7496 | D:7      | Found an ornate altar of the Wu Jian Council.
  7508 | D:7      | Noticed Dowan
  7511 | D:7      | Noticed Duvessa
  7526 | D:7      | Killed Duvessa
  7527 | D:7      | Reached XP level 10. HP: 57/59 MP: 6/10
  7571 | D:7      | Killed Dowan
  8202 | D:8      | Reached skill level 5 in Armour
  8229 | D:8      | Reached * piety under Dithmenos
  8470 | D:8      | Reached skill level 12 in Stealth
  8470 | D:8      | Reached skill level 1 in Spellcasting
  8502 | D:8      | Killed an unseen horror
  9369 | D:9      | Found a runed translucent gate.
  9369 | D:9      | Found an opulent altar of Gozag.
  9371 | D:9      | Found a runed translucent gate.
  9371 | D:9      | Found a runed translucent gate.
  9372 | D:9      | Noticed a five-headed hydra
  9372 | D:9      | Noticed Daunt's ghost (novice MiFi)
  9377 | D:9      | Noticed a centaur warrior
  9877 | D:9      | Found a burning altar of Makhleb.
  9885 | D:9      | Reached ** piety under Dithmenos
  9942 | D:9      | Noticed Erica
 10009 | D:9      | Killed Erica
 10010 | D:9      | Reached skill level 13 in Stealth
 10010 | D:9      | Reached XP level 11. HP: 49/64 MP: 12/15
 10329 | D:10     | Entered Level 10 of the Dungeon
 10575 | D:10     | Found a blossoming altar of Fedhas.
 10989 | D:10     | Found a glowing silver altar of Zin.
 11311 | D:10     | Found a snail-covered altar of Cheibriados.
 11387 | D:11     | Noticed a deep elf pyromancer
 11390 | D:11     | Killed a deep elf pyromancer
 11464 | D:11     | Found a staircase to the Orcish Mines.
 11653 | D:11     | Found a staircase to the Lair.
 11733 | D:11     | Reached *** piety under Dithmenos
 11865 | D:11     | Noticed a manticore
 11872 | D:11     | Killed a manticore
 11881 | D:11     | Noticed a cyclops
 11883 | D:11     | Killed a cyclops
 11892 | D:11     | Noticed a two-headed ogre
 11900 | D:11     | Slain by a two-headed ogre

Illustrated notes

Levels and vault maps discovered:
D:1:      spicycebolla_arrival_clurvy, layout_basic, basic_ecumenical_altar,
          hangedman_decor_riveting, serial_park_tiny_1
D:2:      layout_basic, basic_altar, kennysheep_generic_room_2
D:3:      minmay_recursive_quarters, layout_basic,
          lemuel_coloured_pillars_altar, xom_confusion_cloud,
          grunt_decor_fettered, st_stairs_4, uniq_crazy_yiuf_cottage
D:4:      layout_basic, mainiacjoe_overflow_surrounded_room, uniq_grinder,
          uniq_eustachio
D:5:      cheibrodos_two_vegetables, layout_basic, skrybe_limestone_x
D:6:      layout_rooms, grunt_temple_overflow_holy_war,
          minmay_temple_entry_ruins, portal_sewer_entry_c, uniq_edmund
D:7:      layout_cave_pods, mainiacjoe_overflow_concentric_impassable,
          serial_column_ruins, column_ruins_hut_ruined,
          column_ruins_square_medium, column_ruins_open_medium,
          column_ruins_grid_2, column_ruins_open_tiny, column_ruins_grid_2,
          uniq_duvessa
D:8:      layout_cave_pools, serial_demonic, serial_demonic_c, serial_demonic_f,
          serial_demonic_g, serial_demonic_c, serial_demonic_d,
          serial_demonic_e, serial_demonic_e, serial_demonic_b,
          serial_demonic_f, serial_demonic_f
D:9:      layout_loops_ring, nicolae_overflow_crystal_walls,
          ebering_ghost_gozag, serial_bayou, serial_bayou_pond_b,
          serial_bayou_pond_a, serial_bayou_shore_a, serial_bayou_crossing,
          serial_bayou_pond_b, minmay_misc_feat_chi, uniq_erica
D:10:     layout_stronghold, slow_altar_2, mainiacjoe_overflow_catwalk,
          zin_scriptorium
D:11:     layout_basic, erik_lair_island, kennysheep_orc_monster_closet_entryway
Temple:   nicolae_temple_bog_church

Skill      XL: |  1  2  3  4  5  6  7  8  9 10 11 |
---------------+----------------------------------+-----
Short Blades   | 1 2 3 4 5 7 8 |  8.5
Stealth        | 6 7 8 9 10 11 13 | 13.9
Hexes          | 2 4 5 |  5.4
Fighting       | 4 5 |  5.2
Armour         | 4 5 |  5.0
Spellcasting   | 2 |  2.7
Dodging        | 2 4 |  4.5
Polearms       | |  1.0
Throwing       | |  1.0

Action                   |  1- 3 |  4- 6 |  7- 9 | 10-12 || total
-------------------------+-------+-------+-------+-------++-------
Melee: Dagger            |    78 |   134 |   385 |   736 ||  1333
       Punch             |     1 |     2 |     4 |     2 ||     9
 Cast: Slow              |       |       |     4 |     3 ||     7
       Ensorcelled Hiber |       |       |     2 |       ||     2
       Confusing Touch   |       |       |     5 |    14 ||    19
Evoke: Wand              |       |       |     1 |     9 ||    10
  Use: Scroll            |     4 |     2 |     5 |     1 ||    12
       Potion            |       |     3 |       |     1 ||     4
 Stab: Sleeping          |    10 |     5 |    25 |     7 ||    47
       Distracted        |       |     1 |       |     1 ||     2
       Confused          |       |       |     4 |     8 ||    12
Armor: Leather armour    |    25 |    39 |    65 |       ||   129
       Troll leather arm |       |       |    63 |   305 ||   368
Dodge: Dodged            |    37 |    51 |   163 |   406 ||   657
Block: Buckler           |       |       |       |    88 ||    88
